Map: Frost LE

Players

TheOvermind - Winner!

  • Race: Terran Terran
  • Spawn Location: 1:00

Fropez

  • Race: Protoss Protoss
  • League: Gold
  • Spawn Location: 11:00

VOD

Have the link to the VOD?

Description

Time

  • Played on: Oct. 19, 2016, 12:04 p.m.
  • Length: 9:31
Show
View Real Time Build Order
Export as new Build Order

TheOvermind Terran - Winner!

Build Orders:  

Get SALT Encoding   

  12  0:02  SCV  
  13  0:14  SCV  
  14  0:23  Supply Depot  
  14  0:28  SCV  
  15  0:46  SCV, Barracks  
  16  0:55  Supply Depot  
  16  0:58  SCV  
  17  1:04  Refinery  
  17  1:11  SCV  
  18  1:23  SCV  
  19  1:38  Orbital Command  
  19  1:39  Marine  
  20  1:53  Barracks  
  20  1:58  Barracks  
  20  2:11  Supply Depot  
  20  2:13  SCV  
  21  2:16  Refinery  
  21  2:20  Marine  
  22  2:25  SCV  
  23  2:37  Marine, Supply Depot  
  23  2:38  SCV  
  25  2:45  Factory  
  25  2:47  Barracks Reactor, Barracks Tech Lab  
  25  2:50  SCV  
  26  3:03  SCV  
  27  3:06  Supply Depot  
  27  3:09  Marine  
  27  3:11  Marauder  
  30  3:15  SCV  
  31  3:32  Marauder  
  32  3:38  Marine x2  
  32  3:40  Factory Tech Lab, Barracks Tech Lab  
  34  3:43  Starport  
  34  3:44  SCV  
  35  3:56  SCV  
  35  4:00  Marauder  
  38  4:03  Marine x2  
  32  4:27  Marine x2  
  32  4:28  Marauder  
  32  4:29  Marauder  
  38  4:32  Siege Tank  
  41  4:40  SCV  
  42  4:54  Marine x2  
  44  5:00  Marauder x2  
  44  5:04  Widow Mine  
  50  5:11  Supply Depot, Command Center  
  50  5:15  Engineering Bay  
  50  5:22  Combat Shields  
  50  5:23  Concussive Shells  
  50  5:44  Supply Depot  
  54  5:57  Marine x2, Marauder x2  
  54  5:59  Siege Tank  
  59  6:05  Terran Infantry Weapons Level 1  
  59  6:15  Marine x2  
  58  6:39  Liberator  
  52  6:52  Marauder x2  
  52  6:53  Marine x2  
  59  7:11  Marine  
  59  7:13  Marauder  
  59  7:14  Marauder  
  64  7:21  SCV  
  64  7:22  Liberator  
  65  7:33  SCV  
  65  7:36  Orbital Command  
  65  7:45  SCV  
  61  7:57  SCV  
  62  7:59  Marine x3  
  62  8:00  Marauder  
  65  8:07  Siege Tank  
  66  8:18  Marauder  
  60  8:31  Marine x2, Marauder  
  59  8:39  Marine, Siege Tank  
  55  8:52  Marauder  
  55  8:56  Marine  
Show
View Real Time Build Order
Export as new Build Order

Fropez Protoss 

Build Orders: 1 Gate Expand 

Get SALT Encoding   

  12  0:01  Probe (Chrono Boost)  
  13  0:12  Probe (Chrono Boost)  
  14  0:22  Probe (Chrono Boost)  
  14  0:25  Pylon  
  15  0:43  Probe (Chrono Boost), Gateway  
  15  0:49  Assimilator  
  16  0:54  Probe (Chrono Boost)  
  17  1:01  Pylon  
  17  1:06  Pylon  
  17  1:30  Cybernetics Core  
  17  1:39  Nexus  
  17  1:42  Probe (Chrono Boost)  
  18  1:58  Assimilator  
  18  2:02  Pylon  
  18  2:07  Warp Gate (Chrono Boost)  
  17  2:13  Probe  
  18  2:27  Mothership Core  
  20  2:47  Pylon  
  20  2:49  Probe  
  21  2:51  Probe  
  21  2:57  Stalker  
  24  3:04  Pylon, Probe  
  24  3:05  Probe  
  26  3:14  Probe  
  26  3:17  Probe  
  28  3:23  Gateway  
  28  3:25  Probe  
  29  3:43  Pylon, Probe  
  29  3:44  Probe  
  31  3:52  Gateway  
  31  3:59  Probe  
  31  4:00  Twilight Council  
  32  4:36  Probe  
  33  4:39  Pylon  
  33  4:40  Blink (Chrono Boost)  
  33  4:43  Pylon  
  33  4:50  Gateway  
  33  4:55  Probe, Gateway  
  33  4:58  Adept  
  33  4:59  Adept x2  
  40  5:02  Probe  
  41  5:11  Probe  
  42  5:14  Assimilator  
  42  5:17  Assimilator  
  42  5:21  Probe  
  43  5:28  Probe  
  43  5:32  Pylon  
  43  5:35  Stalker x3  
  50  5:55  Stalker x2  
  54  5:57  Forge  
  54  6:00  Stalker  
  54  6:01  Stalker  
  58  6:04  Stalker  
  56  6:37  Resonating Glaives (Chrono Boost), Protoss Ground Weapons Level 1  
  46  6:49  Stalker  
  46  6:50  Stalker x4  
  56  7:00  Mothership Core  
  52  7:19  Stalker  
  52  7:20  Stalker x4  
  58  7:47  Stalker x4  
  62  8:18  Stalker  
  62  8:19  Stalker x4  
  56  8:32  Mothership Core  
  30  8:49  Stalker x3  
  32  9:03  Stalker  
Tags
 
League
Gold
Matchup
PvT
Replay Pack
All Mines
Spawn Locations
Close Positions
Add a new tag
Caveats
  • Supply blocks, unpowered buildings, or Contaminate may cause inaccurate times.
  • Supply counts are checked every 10 seconds.